 Dungeon Crawl Stone Soup version 0.24.1-14-gf8d2b509d9 (webtiles) character file.

Game seed: 9787697954172413446, levelgen mode: deterministic

127015 Lauz the Peltast (level 16, -2/149 HPs)
             Began as a Minotaur Fighter on May 23, 2020.
             Was the Champion of Okawaru.
             Slain by a merfolk
             ... wielding a +3 glaive of distortion
              (11 damage)
             ... on level 2 of the Shoals.
             The game lasted 01:38:23 (33188 turns).

Lauz the Peltast (Minotaur Fighter)                Turns: 33188, Time: 01:38:23

Health: -2/149     AC: 23    Str: 27    XL:     16   Next: 45%
Magic:  15/15      EV: 11    Int:  5    God:    Okawaru [******]
Gold:   2679       SH: 28    Dex: 11    Spells: 15/15 levels left

rFire    . . .     SeeInvis +   T - +5 eveningstar (drain)
rCold    . . .     Gourm    .   d - +5 large shield of Lies {rElec MR+}
rNeg     . . .     Faith    .   x - quicksilver dragon scales
rPois    +         Spirit   .   t - +0 hat {SInv}
rElec    +         Reflect  .   j - +1 cloak {+Inv}
rCorr    .         Harm     .   A - +0 pair of gloves
MR       +++..                  (no boots)
Stlth    ..........             (no amulet)
HPRegen  0.34/turn              b - ring of poison resistance
MPRegen  0.14/turn              s - +3 ring of protection

@: about to teleport, engulfed (cannot breathe), barbed spikes, very slow
A: retaliatory headbutt, horns 2
a: Heroism, Finesse, Renounce Religion, Evoke Invisibility


You were on level 2 of the Shoals.
You worshipped Okawaru.
Okawaru was exalted by your worship.
You were not hungry.

You visited 5 branches of the dungeon, and saw 26 of its levels.
You also visited: Ice Cave.

You collected 2679 gold pieces.

Inventory:

Hand Weapons
 a - a +0 flail
 y - a +3 flail of protection
 O - a +1 morningstar of holy wrath
 T - a +5 eveningstar of draining (weapon)
Missiles
 l - 12 javelins (quivered)
 U - 221 arrows
Armour
 c - a +0 shield
 d - the +5 large shield of Lies (worn) {rElec MR+}
   (Okawaru gifted it to you on level 13 of the Dungeon)

   It insulates you from electricity.
   It affects your resistance to hostile enchantments.
 j - a +1 cloak of invisibility (worn)
 t - a +0 hat of see invisible (worn)
 x - quicksilver dragon scales (worn)
 A - a +0 pair of gloves (worn)
 E - a +0 plate armour
 H - a +0 chain mail
 S - a scarf of resistance
Jewellery
 b - a ring of poison resistance (left hand)
 g - an uncursed ring of resist corrosion
 s - a +3 ring of protection (right hand)
 L - an uncursed amulet of faith
 R - an uncursed ring of protection from fire
 Z - an uncursed ring of see invisible
Wands
 v - a wand of paralysis (13)
 B - a wand of flame (56)
 D - a wand of polymorph (8)
 G - a wand of acid (21)
 K - a wand of iceblast (35)
 M - a wand of clouds (3)
 V - a wand of random effects (53)
 X - a wand of disintegration (20)
Scrolls
 e - a scroll of magic mapping
 h - 9 scrolls of identify
 k - 17 scrolls of remove curse
 q - a scroll of enchant armour
 r - 4 scrolls of fog
 u - 2 scrolls of fear
 F - 2 scrolls of teleportation
 J - 7 scrolls of enchant weapon
 N - a scroll of summoning
Potions
 i - 3 potions of mutation
 m - 3 potions of magic
 n - 4 potions of agility
 o - a potion of curing
 p - a potion of resistance
 w - 4 potions of lignification
 z - 2 potions of cancellation
 C - 2 potions of might
 I - 2 potions of berserk rage
 P - 2 potions of flight
 W - 2 potions of brilliance
 Y - a potion of haste
Comestibles
 f - 37 rations


   Skills:
 + Level 15.5 Fighting
 + Level 18.1 Maces & Flails
 - Level 1.0 Throwing
 + Level 16.1 Armour
 + Level 2.8 Dodging
 + Level 18.9 Shields
 + Level 1.0 Invocations
 - Level 0.4 Evocations


You had 15 spell levels left.
You didn't know any spells.
Your spell library contained the following spells:

 Spells                   Type           Power        Failure   Level  Hunger
 Magic Dart               Conj           #...         83%         1    ##.....
 Blink                    Tloc           N/A          92%         2    ###....
 Call Imp                 Summ           #.......     92%         2    ###....
 Searing Ray              Conj           #.....       92%         2    ###....
 Slow                     Hex            #.......     92%         2    ###....
 Conjure Flame            Conj/Fire      #.......     99%         3    ####...
 Dazzling Spray           Conj/Hex       #.....       99%         3    ####...
 Mephitic Cloud           Conj/Pois/Air  #.......     99%         3    ####...
 Force Lance              Conj/Tloc      #.......     100%        4    #####..
 Fulminant Prism          Conj/Hex       #.........   100%        4    #####..
 Iskenderun's Mystic Bla  Conj           #.......     100%        4    #####..
 Leda's Liquefaction      Hex/Erth       #.........   100%        4    #####..
 Bolt of Magma            Conj/Fire/Erth #.........   100%        5    ######.
 Iskenderun's Battlesphe  Conj/Chrm      #.......     100%        5    ######.
 Venom Bolt               Conj/Pois      #.........   100%        5    ######.
 Freezing Cloud           Conj/Ice/Air   #.........   100%        6    #######
 Iron Shot                Conj/Erth      #.........   100%        6    #######
 Statue Form              Tmut/Erth      #........    100%        6    #######
 Orb of Destruction       Conj           #.........   100%        7    #######
 Spellforged Servitor     Conj/Summ      #.........   100%        7    #######
 Shatter                  Erth           #.........   100%        9    #######


Dungeon Overview and Level Annotations

Branches:
Dungeon (15/15)            Temple (1/1) D:6            Lair (6/6) D:9
 Shoals (2/4) Lair:4       Spider (0/4) Lair:3        Slime (0/5) Lair:5
    Orc (2/2) D:12            Elf (0/3) Orc:2        Vaults (0/5) D:13
 Depths (0/5) D:15          IceCv (visited)

Altars:
Ashenzari
Cheibriados
Dithmenos
Elyvilon
Fedhas
Gozag
Hepliaklqana
Kikubaaqudgha
Makhleb
Nemelex Xobeh
Okawaru
Qazlal
Ru
Sif Muna
Trog
Uskayaw
Vehumet
Wu Jian
Xom
Yredelemnul
Zin
The Shining One
Beogh
Jiyva

Shops:
D:6 !   D:14 }   Orc:1 ?   Orc:2 *([=(

Annotations:
Orc:1 1 runed translucent door, exclusion: 4 orange crystal statues


Innate Abilities, Weirdness & Mutations

You reflexively headbutt those who attack you in melee.
You have a pair of horns on your head.


Message History

The water elemental hits you.
* * * LOW HITPOINT WARNING * * *
The water elemental engulfs you in water!
You block the merfolk's attack.
The snapping turtle bites you but does no damage.
The manticore flicks its tail.
The volley of spikes hits you!
The barbed spikes become lodged in your body.
* * * LOW HITPOINT WARNING * * *
You feel better.
* * * LOW HITPOINT WARNING * * *
Your lungs strain for air!
You block the water elemental's attack. You block the merfolk's attack.
The water nymph touches you. The water nymph drowns you!
* * * LOW HITPOINT WARNING * * *
The water elemental hits you.
* * * LOW HITPOINT WARNING * * *
You block the snapping turtle's attack.
The merfolk hits you from afar with a +3 glaive of distortion!
You die...

≈≈≈≈≈≈≈≈≈≈≈≈≈≈≈≈≈
.≈≈≈≈≈≈≈≈≈≈≈≈≈≈≈≈≈≈
.≈≈≈≈≈≈≈≈≈≈≈≈≈≈≈≈.≈
.....≈≈≈.≈≈≈≈≈≈≈≈≈≈
..........≈≈≈≈≈≈≈≈≈≈≈
..≈.......≈≈≈≈≈≈..≈≈≈ #
.... #....mEm≈....≈≈
..##..##...≈tE@.......
≈≈..........)m##H..≈...
...≈.≈≈≈.......###..≈≈≈.
....≈.≈≈....(........≈≈≈
≈≈..........≈...###....P
≈≈≈≈≈.......##..# #..P.P
≈≈≈........###..... .P≈.
≈≈≈...§....###........P.
≈≈≈≈≈≈≈§§≈.........##


You could see a snapping turtle, 2 merfolk, a manticore, 2 water elementals and
a water nymph.

Vanquished Creatures
  Gastronok (D:9)
  Agnes (D:15)
  2 orc warlords
  A stone giant (D:12)
  The ghost of Mallanif the Martial Artist, a journeyman GnTm of Ashenzari (D:13)
  Azrael (D:15)
  An ettin (D:13)
  Snorg (Lair:5)
  2 ogre magi (D:15)
  Erolcha (D:9)
  A merfolk impaler (Shoals:1)
  An ice dragon (D:13)
  8 hydras
  Harold (D:9)
  19 two-headed ogres
  4 centaur warriors
  3 tengu warriors
  2 death knights (D:13)
  8 death yaks
  A deep troll earth mage (D:13)
  Urug (Orc:1)
  An orc high priest (Orc:2)
  A skeletal warrior (D:14)
  2 sea snakes
  2 wizards
  7 unseen horrors
  3 orc knights
  5 harpies (Shoals:1)
  Pikel (D:9)
  4 ugly things
  6 orc sorcerers
  3 deep elf magi
  2 fauns (Shoals:2)
  A merfolk siren (Shoals:2)
  7 manticores
  5 cyclopes
  Joseph (D:7)
  4 elephants (Lair:4)
  3 black mambas
  2 ice statues (IceCv)
  A torpor snail (Lair:6)
  4 gargoyles
  Psyche (D:8)
  11 spiny frogs
  A kobold demonologist (D:15)
  5 rime drakes
  5 komodo dragons
  2 efreet (D:15)
  A yaktaur (D:14)
  9 trolls
  3 polar bears (Lair:6)
  5 hornets
  2 merfolk
  13 slime creatures
  11 hippogriffs
  Grinder (D:3)
  15 dream sheep
  11 blink frogs
  13 spriggans (Lair:6)
  Sigmund (D:3)
  3 wraiths
  66 yaks
  Grum (D:9)
  3 wyverns
  2 basilisks
  3 fire elementals (D:15)
  A steam dragon (D:13)
  3 hungry ghosts
  3 vampire mosquitoes (D:15)
  6 wargs
  10 water moccasins
  3 hell hounds (D:15)
  8 porcupines
  9 black bears
  37 orc warriors
  4 sky beasts
  2 eyes of draining
  A hornet zombie (D:13)
  4 boggarts (Lair:6)
  9 ice beasts
  4 phantoms
  16 ogres
  36 wolves
  14 centaurs
  19 crocodiles
  A big kobold (D:10)
  25 bullfrogs
  4 scorpions
  A water moccasin skeleton (D:5)
  5 wights (D:11)
  4 howler monkeys
  2 electric eels (Lair:6)
  8 crimson imps
  2 bullfrog zombies
  3 centaur zombies
  6 hounds
  8 jellies
  A quasit (D:9)
  A gnoll shaman (D:10)
  23 orc priests
  4 centaur skeletons
  28 orc wizards
  Ijyb (D:3)
  Jessica (D:3)
  2 iguanas
  14 worker ants
  A hound zombie (D:10)
  Robin (D:2)
  13 gnolls
  17 adders
  A shadow imp (D:7)
  2 adder skeletons
  An adder zombie (D:5)
  A worm (D:2)
  5 leopard geckos
  107 orcs
  4 giant cockroaches
  15 goblins
  14 hobgoblins
  10 jackals
  4 quokkas
  2 ball pythons
  6 bats
  4 frilled lizards
  10 kobolds
  4 rats
  2 plants
871 creatures vanquished.

Vanquished Creatures (others)
  A porcupine (D:9)
  A bullfrog (D:9)
  A scorpion (D:9)
  2 orc priests
  An orc wizard (D:12)
  24 fungi
  15 plants
45 creatures vanquished.

Grand Total: 916 creatures vanquished

Notes
Turn   | Place    | Note
-------+----------+-------------------------------------------
     0 | D:1      | Lauz the Minotaur Fighter began the quest for the Orb.
     0 | D:1      | Reached XP level 1. HP: 19/19 MP: 0/0
   156 | D:1      | Reached XP level 2. HP: 27/27 MP: 1/1
   630 | D:2      | Noticed Robin
   635 | D:2      | Reached XP level 3. HP: 34/34 MP: 2/2
   679 | D:2      | Killed Robin
  1161 | D:2      | Reached XP level 4. HP: 41/41 MP: 3/3
  1864 | D:3      | Reached skill level 5 in Maces & Flails
  2026 | D:3      | Reached skill level 5 in Fighting
  2037 | D:3      | Noticed Grinder
  2110 | D:4      | Reached XP level 5. HP: 46/48 MP: 4/4
  2519 | D:4      | Found a stormy altar of Qazlal.
  2640 | D:4      | Reached XP level 6. HP: 56/56 MP: 5/5
  2822 | D:5      | Entered Level 5 of the Dungeon
  2903 | D:5      | Noticed a water moccasin
  2919 | D:5      | Killed a water moccasin
  2970 | D:5      | Reached XP level 7. HP: 59/62 MP: 6/6
  3719 | D:6      | Found Qubramaa's Distillery.
  3800 | D:6      | Reached skill level 10 in Maces & Flails
  3800 | D:6      | Reached XP level 8. HP: 69/70 MP: 7/7
  4047 | D:7      | Got a ripped robe
  4058 | D:7      | Identified the +2 robe "Aseddyle" {rElec} (You found it on
                  | level 7 of the Dungeon)
  4281 | D:7      | Found a hazy altar of Hepliaklqana.
  4285 | D:7      | Found a bloodstained altar of Trog.
  4288 | D:7      | Found an opulent altar of Gozag.
  4310 | D:7      | Noticed Joseph
  4415 | D:7      | Killed Joseph
  4801 | D:7      | Reached XP level 9. HP: 74/79 MP: 8/8
  4949 | D:8      | Noticed Psyche
  5512 | D:8      | Reached skill level 5 in Armour
  5757 | D:8      | Killed Psyche
  6018 | D:9      | Reached skill level 5 in Shields
  6165 | D:9      | Reached XP level 10. HP: 71/90 MP: 9/9
  6168 | D:9      | Reached skill level 1 in Throwing
  6526 | D:9      | Noticed Grum
  6538 | D:9      | Killed Grum
  6864 | D:9      | Noticed Gastronok
  6880 | D:9      | Noticed Erolcha
  6887 | D:9      | Killed Gastronok
  6896 | D:9      | Killed Erolcha
  6896 | D:9      | Reached skill level 10 in Armour
  6900 | D:9      | Noticed Pikel
  6916 | D:9      | Killed Pikel
  7234 | D:9      | Reached XP level 11. HP: 93/99 MP: 10/10
  7237 | D:9      | Found a staircase to the Lair.
  7391 | D:9      | Noticed Harold
  7411 | D:9      | Killed Harold
  7699 | D:10     | Entered Level 10 of the Dungeon
  7978 | D:10     | Reached skill level 10 in Fighting
  9296 | D:10     | Noticed a two-headed ogre
  9300 | D:10     | Killed a two-headed ogre
  9300 | D:10     | Reached skill level 10 in Shields
  9669 | D:11     | Noticed a two-headed ogre
  9680 | D:11     | Killed a two-headed ogre
  9777 | D:11     | Noticed a two-headed ogre
  9785 | D:11     | Killed a two-headed ogre
  9785 | D:11     | Reached XP level 12. HP: 81/107 MP: 11/11
 10955 | D:3      | Noticed Sigmund
 10963 | D:3      | Killed Sigmund
 11006 | D:3      | Noticed Ijyb
 11010 | D:3      | Killed Ijyb
 11020 | D:3      | Killed Grinder
 11177 | D:3      | Noticed Jessica
 11184 | D:3      | Killed Jessica
 11535 | D:6      | Found a staircase to the Ecumenical Temple.
 11566 | Temple   | Entered the Ecumenical Temple
 11574 | Temple   | Became a worshipper of Warmaster Okawaru
 11905 | Lair:1   | Entered Level 1 of the Lair of Beasts
 12169 | Lair:1   | Noticed an eight-headed hydra
 12395 | Lair:1   | Killed an eight-headed hydra
 12543 | Lair:1   | Reached * piety under Okawaru
 13012 | Lair:2   | Found a sparkling altar of Nemelex Xobeh.
 13035 | Lair:2   | Reached skill level 15 in Maces & Flails
 13161 | Lair:2   | Reached ** piety under Okawaru
 14124 | Lair:3   | Found a hole to the Spider Nest.
 14315 | Lair:3   | Reached *** piety under Okawaru
 14975 | Lair:4   | Reached XP level 13. HP: 92/116 MP: 12/12
 15511 | Lair:2   | Reached **** piety under Okawaru
 16441 | Lair:4   | Found a staircase to the Shoals.
 17222 | Lair:5   | Reached ***** piety under Okawaru
 17734 | Lair:5   | Found a viscous altar of Jiyva.
 17745 | Lair:5   | Found a staircase to the Slime Pits.
 17868 | Lair:5   | Noticed Snorg
 17900 | Lair:5   | Killed Snorg
 18841 | Lair:6   | Entered Level 6 of the Lair of Beasts
 19177 | Lair:6   | Found a frozen archway.
 19184 | IceCv    | Entered an ice cave
 19216 | IceCv    | Found a transporter.
 19487 | IceCv    | Reached XP level 14. HP: 126/126 MP: 13/13
 19488 | IceCv    | Found a transporter.
 19843 | Lair:6   | Reached skill level 15 in Shields
 20297 | Lair:6   | Noticed Sonja
 20306 | Lair:6   | Noticed Sonja
 20306 | Lair:6   | Sonja changed into Sonja the eye of draining
 20312 | Lair:6   | Killed Sonja the eye of draining
 20432 | Lair:6   | Received a gift from Okawaru
 20763 | Lair:6   | Reached skill level 15 in Armour
 21203 | Lair:6   | Reached ****** piety under Okawaru
 21234 | Lair:6   | Received a gift from Okawaru
 22212 | Lair:6   | Identified the Disquisition on Assistive Cold
 22572 | D:12     | Found a staircase to the Orcish Mines.
 22747 | D:12     | Noticed a stone giant
 23246 | D:12     | Received a gift from Okawaru
 23940 | D:12     | Reached XP level 15. HP: 136/136 MP: 14/14
 24120 | D:13     | Found a runed translucent gate.
 24120 | D:13     | Found a runed translucent gate.
 24121 | D:13     | Found a runed translucent gate.
 24121 | D:13     | Noticed Mallanif's ghost (journeyman GnTm)
 24538 | D:13     | You fall into a shaft and drop 2 floors!
 24538 | D:15     | Entered Level 15 of the Dungeon
 24544 | D:15     | Noticed Azrael
 24562 | D:15     | Killed Azrael
 24624 | D:15     | HP: 1/137 [efreet/fireball (9)]
 25023 | D:15     | Noticed Agnes
 25034 | D:15     | Killed Agnes
 25713 | D:15     | Received a gift from Okawaru
 25955 | D:15     | Paralysed by an ogre mage for 7 turns
 26090 | D:15     | Found an opulent altar of Gozag.
 26571 | D:15     | Found a staircase to the Depths.
 26706 | D:14     | Found Harhagi's Gadget Shop.
 28000 | D:13     | Reached skill level 15 in Fighting
 28073 | D:13     | Received a gift from Okawaru
 28457 | D:13     | Got a polished large shield {god gift}
 28468 | D:13     | Identified the +5 large shield of Lies {rElec MR+} (Okawaru
                  | gifted it to you on level 13 of the Dungeon)
 28506 | D:13     | Found a gate to the Vaults.
 28622 | D:13     | Killed Mallanif's ghost
 28633 | D:13     | Reached XP level 16. HP: 36/149 MP: 15/15
 28638 | D:13     | HP: 4/149 [burnt (7)]
 29132 | Orc:1    | Entered Level 1 of the Orcish Mines
 29139 | D:12     | Reached skill level 1 in Invocations
 29714 | Orc:1    | Noticed Urug
 29716 | Orc:1    | Reached skill level 1 in Dodging
 29900 | Orc:1    | Killed Urug
 30201 | Orc:1    | Found a roughly hewn altar of Beogh.
 30235 | Orc:1    | Found a runed translucent door.
 30254 | Orc:1    | Found the +10 large shield of Ignorance {rN+ Int-4}
 30265 | Orc:1    | Found a runed translucent door.
 30517 | Orc:2    | Entered Level 2 of the Orcish Mines
 30517 | Orc:2    | Found a staircase to the Elven Halls.
 30761 | Orc:2    | Found Ygoshryda's Jewellery Boutique.
 30828 | Orc:2    | Found a roughly hewn altar of Beogh.
 31012 | Orc:2    | Found a roughly hewn altar of Beogh.
 31026 | Orc:2    | Found Atenn's Weapon Boutique.
 31469 | Orc:2    | Found a roughly hewn altar of Beogh.
 31486 | Orc:2    | Found Ole Ysur's General Store.
 31527 | Orc:2    | Found a roughly hewn altar of Beogh.
 31665 | Orc:2    | Found a roughly hewn altar of Beogh.
 31894 | Orc:2    | Found Coyfibra's Antique Weapon Shop.
 31895 | Orc:2    | Found a roughly hewn altar of Beogh.
 31897 | Orc:2    | Found Otyur's Antique Armour Boutique.
 32143 | Orc:1    | Found Hiwio's Magic Scroll Shop.
 32490 | Shoals:1 | Entered Level 1 of the Shoals
 33188 | Shoals:2 | Slain by a merfolk

Levels and vault maps discovered:
D:1:      matt_arrival_grand_opening, layout_basic
D:2:      layout_loops_ring, uniq_robin
D:3:      wad_lake_hut, layout_rooms, uniq_ijyb, uniq_sigmund, uniq_grinder,
          uniq_jessica
D:4:      layout_loops_ring, nicolae_qazlal_eye_of_the_storm, first_ration
D:5:      layout_basic, grunt_decor_mini_mirrors
D:6:      layout_basic, minmay_temple_entry_offerings, serial_shops, shop
D:7:      layout_cave_pools, minmay_overflow_temple_star_quad, uniq_joseph
D:8:      layout_basic, uniq_psyche
D:9:      layout_gridville, due_lair_maze_entry_diamond, uniq_harold, uniq_grum,
          uniq_gastronok, uniq_erolcha, uniq_pikel
D:10:     layout_loops_corners
D:11:     layout_gridville
D:12:     cheibrodos_monumental, layout_stronghold, david_orc_3, serial_glass,
          glass_columns_a, glass_columns_b
D:13:     layout_rooms, david_vaults_4, gammafunk_ghost_split
D:14:     minmay_open_boxes_in_corner, layout_loops_ring, kennysheep_cross_room,
          serial_shops, shop, hangedman_fish_farm, uniq_jorgrun
D:15:     grunt_enter_depths_magical_seal, layout_irregular_city,
          minmay_misc_feat_four_crosses, st_stairs_6, grunt_gozag_breadcrumbs,
          uniq_agnes, uniq_azrael
Temple:   nicolae_temple_no_exploring_needed
Lair:1:   layout_gridlike
Lair:2:   layout_small_grid, basic_altar
Lair:3:   layout_regular_city, dummy_spider_entry, fungi_pond_lemuel
Lair:4:   layout_cave_pods, minmay_shoals_entry_centaurs
Lair:5:   layout_cave_pods, slime_altar_1, serial_bayou_shore_b, uniq_snorg
Lair:6:   minmay_lair_end_enchanted_forest, layout_gridlike,
          portal_ice_cave_rime, chequers_serial_rivers_micro_c,
          infiniplex_staircase_pool_2, serial_bayou_shore_a, uniq_sonja
Shoals:1: layout_shoals
Shoals:2: layout_shoals, serial_shops, shop_fountains
Orc:1:    layout_diamond_mine, serial_shops, shop, basic_altar,
          chequers_guarded_unrand_ignorance, uniq_urug
Orc:2:    grunt_orc_community_town_hall, layout_diamond_mine,
          grunt_orc_community_big_house_2, grunt_orc_community_big_house_2,
          grunt_orc_community_house_1, grunt_orc_community_house_2,
          grunt_orc_community_house_3, grunt_orc_community_house_2,
          serial_shops, shop

Skill      XL: |  1  2  3  4  5  6  7  8  9 10 11 12 13 14 15 16 |
---------------+-------------------------------------------------+-----
Fighting       | 4 5 6 7 8 9 10 11 12 13 15 | 15.5
Maces & Flails | 3 4 5 6 7 10 12 13 14 15 16 17 18 | 18.1
Armour         | 6 10 12 13 14 15 16 | 16.1
Shields        | 5 8 10 12 14 16 18 | 18.9
Throwing       | 1 |  1.0
Invocations    | 1 |  1.0
Dodging        | 2 |  2.8
Evocations     | |  0.4

Action                   |  1- 3 |  4- 6 |  7- 9 | 10-12 | 13-15 | 16-18 || total
-------------------------+-------+-------+-------+-------+-------+-------++-------
Melee: Flail             |    85 |   177 |   311 |   755 |   625 |       ||  1953
       Headbutt          |     8 |    21 |    54 |   181 |   341 |    88 ||   693
       Morningstar       |       |       |       |       |   215 |       ||   215
       Eveningstar       |       |       |       |       |   637 |   410 ||  1047
Throw: Javelin           |       |       |     7 |    21 |    22 |     4 ||    54
Invok: Heroism           |       |       |       |       |     2 |     1 ||     3
       Finesse           |       |       |       |       |     1 |       ||     1
 Abil: Evoke Invisibilit |     1 |       |     2 |       |       |       ||     3
Evoke: Wand              |       |       |       |     8 |     3 |       ||    11
  Use: Scroll            |       |       |     9 |    12 |    19 |     2 ||    42
       Potion            |       |       |       |     2 |    14 |     2 ||    18
 Stab: Invisible         |     2 |       |     1 |       |     2 |       ||     5
  Eat: Chunk             |     1 |     6 |    14 |    26 |    28 |    13 ||    88
       Ration            |       |       |     2 |     1 |     5 |       ||     8
Armor: Scale mail        |    38 |    89 |    45 |       |       |       ||   172
       Chain mail        |       |       |    85 |   287 |   648 |       ||  1020
       Quicksilver drago |       |       |       |       |    23 |    92 ||   115
Dodge: Dodged            |    24 |    44 |    56 |   176 |   401 |    81 ||   782
Block: Shield            |    42 |    86 |   103 |   384 |  1027 |       ||  1642
       Large shield      |       |       |       |       |    40 |   586 ||   626
